 Dungeon Crawl Stone Soup version 0.18.1-8-gdd0e5ea (webtiles) character file.

127 georgeearnest the Skirmisher (level 4, -2/41 HPs)
             Began as a Draconian Berserker on May 22, 2016.
             Was a Believer of Trog.
             Shot with an arrow by a centaur (11 damage)
             ... on level 3 of the Dungeon.
             The game lasted 00:06:20 (2149 turns).

georgeearnest the Skirmisher (Draconian Berserker)  Turns: 2149, Time: 00:06:21

Health: -2/41      AC:  5    Str: 23    XL:     4   Next: 85%
Magic:  4/4        EV: 13    Int: 13    God:    Trog [**....]
Gold:   176        SH:  0    Dex: 10    Spells: 0 memorised, 3 levels left

rFire  . . .     SeeInvis .     u - +0 hand axe (freeze)
rCold  . . .     Gourm    .     (armour unavailable)
rNeg   . . .     Faith    .     (no shield)
rPois  +         Spirit   .     (helmet restricted)
rElec  .         Dismiss  .     (no cloak)
rCorr  .         Reflect  .     (no gloves)
SustAt .         Harm     .     (no boots)
MR     .....                    e - amulet of magic regeneration
Stlth  +.........               r - +3 ring of strength
                                o - ring of poison resistance

@: brilliant, very slightly contaminated, invisible, not resistant to hostile
enchantments, very unstealthy
A: unfitting armour, cold-blooded, AC +5
a: Berserk, Trog's Hand, Burn Spellbooks, Renounce Religion


You were on level 3 of the Dungeon.
You worshipped Trog.
Trog was pleased with you.
You were not hungry.

You visited 1 branch of the dungeon, and saw 3 of its levels.

You collected 176 gold pieces.

Inventory:

Hand Weapons
 a - a +0 hand axe
 u - a +0 hand axe of freezing (weapon)
Missiles
 t - 5 tomahawks (quivered)
Jewellery
 e - an amulet of magic regeneration (around neck)
 o - a ring of poison resistance (left hand)
 r - a +3 ring of strength (right hand)
Scrolls
 c - a scroll of teleportation {unknown}
 f - a scroll of fear {unknown}
 g - 8 scrolls of identify {unknown}
 h - a scroll of fog {unknown}
 j - a scroll of enchant weapon {unknown}
 l - a scroll of noise {unknown}
 m - a scroll of blinking {unknown}
 n - a scroll of remove curse {unknown}
Comestibles
 d - a meat ration
 i - a slice of pizza
 p - a beef jerky


   Skills:
 + Level 4.3 Fighting
 + Level 3.7 Axes
 + Level 3.9 Dodging
 + Level 0.4 Stealth


You had 3 spell levels left.
You didn't know any spells.

Dungeon Overview and Level Annotations

Branches:
Dungeon (3/15)

Altars:
Gozag
Kikubaaqudgha
Yredelemnul
Zin


Innate Abilities, Weirdness & Mutations

Your plain brown scales are hard (AC +5).
Your body does not fit into most forms of armour.
You are cold-blooded and may be slowed by cold attacks.


Message History

The centaur shoots an arrow.
The arrow hits you!
Things that are here:
an arrow; a hunting sling The centaur shoots an arrow.
The arrow hits you.
* * * LOW HITPOINT WARNING * * *
Drink which item? (? for menu, Esc to quit)
It was a potion of brilliance.
You feel clever all of a sudden.
The centaur shoots an arrow.
The arrow hits you!
* * * LOW HITPOINT WARNING * * *
You see here an arrow.
Drink which item? (? for menu, Esc to quit)
It was a potion of invisibility.
You fade into invisibility!
The centaur shoots an arrow.
The arrow misses you.
You are very lightly contaminated with residual magic.
Drink which item? (? for menu, Esc to quit)
It was a potion of curing.
You feel better.
The centaur shoots an arrow.
The arrow hits you!
You die...

##################
#..........#.....#
#..........#.....# ######
#......)...#.....#####.....
#................c.....########
##.##......#.......c..........###
#...##.....#.....###(...(........
.....##.)..#.....# #..........#..
......#.........@# #..........#.#
.._.....####...(.# ####c.#..###.#
......### ###.#..# #.###.# #.#
.....## #.##.# #.# #.###.# #...##
#. #.. ###(# #..##.# ##.##
#.###.##..(# ##.##.# ...#
#...(..### ##..... ####
#<#......###....#. #
>...#####...#....##


You could see a centaur.

Vanquished Creatures
  Jessica (D:2)
  3 adders (D:2)
  A worm (D:3)
  2 dart slugs (D:1)
  2 giant geckos
  4 orcs (D:3)
  3 giant cockroaches
  7 goblins
  6 hobgoblins
  11 jackals
  A ball python (D:1)
  5 bats
  3 kobolds (D:2)
  9 rats
58 creatures vanquished.

Notes
Turn   | Place    | Note
--------------------------------------------------------------
     0 | D:1      | georgeearnest the Draconian Berserker began the quest for the Orb.
     0 | D:1      | Reached XP level 1. HP: 19/19 MP: 1/1
   233 | D:1      | Reached XP level 2. HP: 26/26 MP: 2/2
   796 | D:2      | Reached ** piety under Trog
   796 | D:2      | Reached XP level 3. HP: 33/33 MP: 3/3
   839 | D:2      | Noticed Jessica
   846 | D:2      | Killed Jessica
   846 | D:2      | Reached skill level 4 in Fighting
   949 | D:2      | Reached XP level 4. HP: 24/40 MP: 4/4
  1725 | D:3      | Found a basalt altar of Yredelemnul.
  1772 | D:3      | Noticed a centaur
  1791 | D:3      | Found an ancient bone altar of Kikubaaqudgha.
  2097 | D:3      | Found an opulent altar of Gozag.
  2099 | D:3      | Found a glowing silver altar of Zin.
  2147 | D:3      | HP: 2/41 [centaur/arrow (10)]
  2149 | D:3      | Shot with an arrow by a centaur

Skill      XL: |  1  2  3 |
---------------+----------+-----
Dodging        | 3 |  3.9
Fighting       | 4 |  4.3
Axes           | |  3.7
Stealth        | |  0.4

Action                   |  1- 3 |  4- 6 || total
-------------------------+-------+-------++-------
Melee: Hand axe          |    77 |    88 ||   165
       Tailslap          |     7 |    13 ||    20
Invok: Berserk           |     1 |       ||     1
       Burn Spellbooks   |       |     1 ||     1
  Use: Potion            |       |     3 ||     3
  Eat: Bread ration      |     1 |     1 ||     2
Armor: Skin              |    30 |    30 ||    60
Dodge: Dodged            |    70 |   105 ||   175
